Workbook
Name \0: #REF!
Name \0: #REF!
Name \00: #REF!
Name \00: #REF!
Name \a: #REF!
Name \a: #REF!
Name \AA: #REF!
Name \AA: #REF!
Name \b: #REF!
Name \b: #REF!
Name \bb: #REF!
Name \bb: #REF!
Name \c: #REF!
Name \E: #REF!
Name \E: #REF!
Name \EE: #REF!
Name \EE: #REF!
Name \G: #REF!
Name \G: #REF!
Name \i: #REF!
Name \k: #REF!
Name \k: #REF!
Name \l: #REF!
Name \l: #REF!
Name \M: #REF!
Name \M: #REF!
Name \ñ: #REF!
Name \ñ: #REF!
Name \P: #REF!
Name \P: #REF!
Name \R: #REF!
Name \R: #REF!
Name \s: #REF!
Name \s: #REF!
Name \t: #REF!
Name \V: #REF!
Name \X: AIU!ERR
Name \X: [0]!ERR
Name \Z: AIU!ERR
Name \Z: [0]!ERR
Name _________________________________________________i1: #REF!
Name ________________________________________________i1: #REF!
Name _______________________________________________i1: #REF!
Name ______________________________________________i1: #REF!
Name _____________________________________________i1: #REF!
Name ____________________________________________i1: #REF!
Name ___________________________________________i1: #REF!
Name __________________________________________i1: #REF!
Name _________________________________________i1: #REF!
Name ________________________________________i1: #REF!
Name _______________________________________i1: #REF!
Name ______________________________________i1: #REF!
Name _____________________________________i1: #REF!
Name ____________________________________i1: #REF!
Name ___________________________________i1: #REF!
Name __________________________________i1: #REF!
Name _________________________________i1: #REF!
Name ________________________________i1: #REF!
Name _______________________________i1: #REF!
Name ______________________________i1: #REF!

Sheet PRESUPUESTO
B2: Formulario 1 - Propuesta económica - Licitación de obra pública de infraestructura social
B3: Código | C3: CCE-EICP-FM-116
B4: Versión | C4: 1
B6: PRESUPUESTO OFICIAL ESTIMADO MC-LPO-0004-2025 CENTRO CULTURAL - CASA DE LOS SABERES MAGUI, NARIÑO
B7: [La Entidad puede utilizar este Formulario de detalle del Presupuesto Oficial para determinar las condiciones bajo las cuales los Proponentes analizarán y presentarán su propuesta económica de forma detallada, sin perjuicio que la Entidad pueda modificarlo o establecer la presentación de la oferta económica con un Formulario distinto al indicado.]
B8: Adicionalmente, cuando el Proceso de Contratación es estructurado por Precios Unitarios, la Entidad debe aplicar las notas 1, 2 y 3 del presente Formulario y las casillas de "Descripción", "Porcentaje" de la Administración, Imprevisto, Utilidad y total A.I.U. resaltadas en color amarillo. Tratándose de otras modalidades de precio, la Entidad puede o no configurar los mismos aspectos.
B10: ÍTEM DE PAGO | C10: DESCRIPCIÓN
B11: 1 | C11: ACTIVIDADES PRELIMINARES, DESMONTES Y DEMOLICIONES | D11: UND. | E11: CANTIDAD | F11: VALOR UNITARIO | G11: VALOR TOTAL
B12: 1.01 | C12: Preliminares | G12: =IFERROR(ROUND((E12*F12),0),"")
B13: 1.01.01 | C13: CERRAMIENTO PROVISIONAL EN TELA VERDE H=2.20 m, Incluye postes en madera rolliza y/o guadua, poli sombra verde y todos los elementos, materiales y mano de obra requeridos para su correcta ejecución | D13: m | E13: =ROUND((31.59+19.32+30.97+19.33),2) -> 101.21 | F13: 19299 | G13: =IFERROR(ROUND((E13*F13),0),"") -> 1953252
B14: 1.01.03 | C14: LOCALIZACIÓN TRAZADO Y REPLANTEO CON COMISIÓN TOPOGRÁFICA | D14: m2 | E14: 322 | F14: 3854 | G14: =IFERROR(ROUND((E14*F14),0),"") -> 1240988
B15: 1.01.04 | C15: RED AGUA PROVISIONAL, longitud 50 m, incluye trámite de conexión y contador | D15: u | E15: 1 | F15: 535959 | G15: =IFERROR(ROUND((E15*F15),0),"") -> 535959
B16: 1.01.05 | C16: RED ELÉCTRICA PROVISIONAL longitud 50 m, incluye trámite de conexión y contador | D16: u | E16: 1 | F16: 1747136 | G16: =IFERROR(ROUND((E16*F16),0),"") -> 1747136
B17: Total | D17: =SUBTOTAL(103,POE_PRELIMINARES[UND.]) -> 4 | G17: =SUBTOTAL(109,POE_PRELIMINARES[[VALOR TOTAL ]]) -> 5477335
B18: 2 | C18: MOVIMIENTO DE TIERRAS | D18: UND. | E18: CANTIDAD | F18: VALOR UNITARIO | G18: VALOR TOTAL
B19: 2.02 | C19: CORTE Y/O EXCAVACIÓN MANUAL y/o MECÁNICA DE TERRENO, (Para elementos estructurales, redes, y todos los elementos constructivos que lo requieran, unidad medida en bloque en planos o en terreno, no se reconocerán sobreanchos ni sobre excavaciones) incluye selección, trasiego, almacenamiento en obra, disposición interna en el proyecto, profundidad hasta 2,00 m. | D19: m3 | E19: =ROUND((1.1*525.7),2) -> 578.27 | F19: 48548 | G19: =IFERROR(ROUND($E19*$F19,0),"") -> 28073852
B20: 2.04 | C20: RELLENO CON MATERIAL SELECCIONADO PRODUCTO DE LA EXCAVACIÓN, compactado al 95%, aplica también para rellenos de redes. | D20: m3 | E20: =ROUND((1.1*326.24),2) -> 358.86 | F20: 27288 | G20: =IFERROR(ROUND($E20*$F20,0),"") -> 9792572
B21: 2.05 | C21: RELLENO MANUAL CON ARENA DE PEÑA LAVADA, atraque para tuberías (ver diseño de conexiones) Incluye suministro, extendida de manera uniforme. | D21: m3 | E21: 30.6 | F21: 233993 | G21: =IFERROR(ROUND($E21*$F21,0),"") -> 7160186
B22: 2.06 | C22: RELLENO CON MATERIAL SELECCIONADO GRANULAR TIPO B-200 compactado al 95% según estudio de suelos, incluye suministro del material | D22: m3 | E22: =ROUND((12.87*(1.5/2)),2) -> 9.65 | F22: 78977 | G22: =IFERROR(ROUND($E22*$F22,0),"") -> 762128
B23: Total | G23: =SUBTOTAL(109,PE_MOVIMIENTO_TIERRAS[[VALOR TOTAL ]]) -> 45788738
B24: 3 | C24: CIMENTACIÓN | D24: UND. | E24: CANTIDAD | F24: VALOR UNITARIO | G24: VALOR TOTAL
B25: 3.01 | C25: SOLADO DE LIMPIEZA e=0.05 m concreto f'c = 2000 psi, según recomendación estudio de suelos y planos estructurales | D25: m2 | E25: =ROUND(93,2) -> 93 | F25: 34659 | G25: =IFERROR(ROUND($E25*$F25,0),"") -> 3223287
B26: 3.02 | C26: CONCRETO CICLÓPEO (Según recomendación de estudio de suelos y diseño de cimentación), Incluye, mano de obra, herramienta, suministro de concreto y demás materiales necesarios para la realización de la actividad | D26: m3 | E26: =ROUND(48.15,2) -> 48.15 | F26: 368768 | G26: =IFERROR(ROUND($E26*$F26,0),"") -> 17756179
B27: 3.04 | C27: ZAPATAS EN CONCRETO IMPERMEABILIZADO, f'c = 3.500 PSI (Según recomendación de estudio de suelos y diseño de cimentación, no incluye acero de refuerzo), Incluye, formaleta, mano de obra, herramienta, suministro de concreto y demás materiales necesarios para la realización de la actividad | D27: m3 | E27: =ROUND(30.34,2) -> 30.34 | F27: 890012 | G27: =IFERROR(ROUND($E27*$F27,0),"") -> 27002964
B28: 3.07 | C28: VIGA DE AMARRE EN CONCRETO IMPERMEABILIZADO, f'c = 3.500 PSI (Según recomendación de estudio de suelos y diseño de cimentación, no incluye acero de refuerzo), Incluye formaleta, mano de obra, herramienta, suministro de concreto y demás materiales necesarios para la realización de la actividad. Incluye construcción de muesca para apoyo de placa de contrapiso según planos. | D28: m3 | E28: =ROUND(18.45,2) -> 18.45 | F28: 935528 | G28: =IFERROR(ROUND($E28*$F28,0),"") -> 17260492
B29: Total | G29: =SUBTOTAL(109,POE_CIMENTACIÓN[[VALOR TOTAL ]]) -> 65242922
B30: 4 | C30: REFUERZO | D30: UND. | E30: CANTIDAD | F30: VALOR UNITARIO | G30: VALOR TOTAL
B31: 4.01 | C31: Suministro e instalación de Acero De Refuerzo 60.000 PSI (Desperdicio incluido en el valor del APU) | D31: kg | E31: =ROUND(15170.67,2) -> 15170.67 | F31: 8357 | G31: =IFERROR(ROUND($E31*$F31,0),"") -> 126781289
B32: 4.02 | C32: Suministro e instalación de refuerzo en MALLA ELECTROSOLDADA (Desperdicio incluido en el valor del APU) | D32: kg | E32: =ROUND(1987.6,2) -> 1987.6 | F32: 8531 | G32: =IFERROR(ROUND($E32*$F32,0),"") -> 16956216
B33: 4.03 | C33: ANCLAJE MANUAL EMPLEANDO VARILLA Ø 3/8" PARA PERFORACIÓN Ø 1/2" PROF MAX 0,30 M FIJADO MEDIANTE EPÓXICO DE DOS COMPONENTES 100% SOLIDOS INSENSIBLE A LA HUMEDAD Y TIXOTRÓPICO | D33: u | E33: 50 | F33: 13178 | G33: =IFERROR(ROUND($E33*$F33,0),"") -> 658900
B34: 4.04 | C34: ANCLAJE MANUAL EMPLEANDO VARILLA Ø 1/2" PARA PERFORACIÓN Ø 5/8" PROF MAX 0,30 M FIJADO MEDIANTE EPÓXICO DE DOS COMPONENTES 100% SOLIDOS INSENSIBLE A LA HUMEDAD Y TIXOTRÓPICO | D34: u | E34: 40 | F34: 14708 | G34: =IFERROR(ROUND($E34*$F34,0),"") -> 588320
B35: Total | G35: =SUBTOTAL(109,POE_REFUERZO[[VALOR TOTAL ]]) -> 144984725
B36: 5 | C36: ESTRUCTURAS EN CONCRETO | D36: UND. | E36: CANTIDAD | F36: VALOR UNITARIO | G36: VALOR TOTAL
B37: 5.03 | C37: PLACA DE CONTRAPISO EN CONCRETO REFORZADO, f´c=20,7 Mpa (3.000 PSI) e=0.10, según diseño de cimentación y diseño estructural, incluye formaleta, juntas de construcción y de dilatación ubicadas según detalle constructivo, mano de obra, herramienta, suministro de concreto y demás materiales necesarios para la realización de la actividad | D37: m2 | E37: =ROUND(279.02+11.505,2) -> 290.53 | F37: 139882 | G37: =IFERROR(ROUND($E37*$F37,0),"") -> 40639917
B38: 5.07 | C38: CONSTRUCCIÓN DE ESCALERA EN CONCRETO 20,7 Mpa (3.000 PSI) sobre terreno e = 0,12 m | D38: m2 | E38: =ROUND((26.091+1.1),2) -> 27.19 | F38: 125177 | G38: =IFERROR(ROUND($E38*$F38,0),"") -> 3403563
B39: 5.09 | C39: CORTE EN PLACA PARA DILATACIONES DE PISO, con máquina cortadora y disco diamantado h.=1/3 espesor de la placa de contrapiso / entrepiso Pf.>4,1<=7,0 cm (ver adicional el ítem de sellante). | D39: m | E39: =ROUND(34.4,2) -> 34.4 | F39: 6499 | G39: =IFERROR(ROUND($E39*$F39,0),"") -> 223566
B40: 5.10 | C40: Suministro y aplicación de sellante elástico de poliuretano de alta resistencia química para juntas de dilatación de medidas Pf.>4,1<=10,0 mm a.>6,1<=10,0 mm, tipo Sika Flex Pro 3 WF de SIKA o equivalente de igual calidad o superior. Incluye limpieza en seco de las caras laterales de contacto, y perfil cilíndrico de espuma de polietileno de célula cerrada ø.=5/8" (16,0 mm) para limitar la profundidad a rellenar, tipo SikaRod de SIKA o equivalente. | D40: m | E40: =ROUND(34.2,2) -> 34.2 | F40: 19508 | G40: =IFERROR(ROUND($E40*$F40,0),"") -> 667174
B41: 5.11 | C41: COLUMNA DE CONCRETO REFORZADO f´c=28 Mpa (4.000 PSI), dimensiones según diseño, incluye formaleta metálica acabo liso, mano de obra, herramienta, suministro de concreto y demás materiales necesarios para la realización de la actividad | D41: m3 | E41: =ROUND(14.27,2) -> 14.27 | F41: 1093636 | G41: =IFERROR(ROUND($E41*$F41,0),"") -> 15606186
B42: 5.14 | C42: VIGA AÉREA EN CONCRETO REFORZADO f´c=28 Mpa (4.000 PSI), dimensiones según diseño, incluye formaleta metálica acabo liso, mano de obra, herramienta, suministro de concreto y demás materiales necesarios para la realización de la actividad | D42: m3 | E42: =ROUND(33.77,2) -> 33.77 | F42: 1166317 | G42: =IFERROR(ROUND($E42*$F42,0),"") -> 39386525
B43: 5.18 | C43: LOSA DE ENTREPISO MACIZA EN CONCRETO REFORZADO f'c = 4000 PSI (e=0.10) Según diseños, dimensiones y detalles según diseño, incluye formaleta, mano de obra, herramienta, suministro de concreto y demás materiales necesarios para la realización de la actividad | D43: m2 | E43: =ROUND(10.5,2) -> 10.5 | F43: 223392 | G43: =IFERROR(ROUND($E43*$F43,0),"") -> 2345616
B44: 5.29 | C44: POYO EN CONCRETO REFORZADO f´c=17,5 Mpa (2500 PSI), a=0.45; e=0.08. No incluye acero de refuerzo. | D44: m | E44: =6+2 -> 8 | F44: 58669 | G44: =IFERROR(ROUND($E44*$F44,0),"") -> 469352
B45: Total | G45: =SUBTOTAL(109,POE_ESTRUCTURAS_EN_CONCRETO[[VALOR TOTAL ]]) -> 102741899
B46: 6 | C46: ESTRUCTURA METÁLICA Y MADERA | D46: UND. | E46: CANTIDAD | F46: VALOR UNITARIO | G46: VALOR TOTAL
B47: 6.01 | C47: Estructura Metálica
B48: 6.01.01 | C48: SUMINISTRO E INSTALACIÓN DE ESTRUCTURA METÁLICA SEGÚN DISEÑO ESTRUCTURAL. ASTM A653 SS-GR 50, incluye instalación de pernos, soldadura, templetes, contravientos, pintura anticorrosiva, acabado según arquitectura, equipos y todo elemento necesario para la correcta instalación. | D48: kg | E48: =ROUND((434.01*8.32),2) -> 3610.96 | F48: 19775 | G48: =IFERROR(ROUND($E48*$F48,0),"") -> 71406734
B49: 6.02 | C49: Estructuras en Madera | F49: 0 | G49: =IFERROR(ROUND($E49*$F49,0),"") -> 0
B50: 6.02.03 | C50: SUMINISTRO E INSTALACIÓN Platina Alumidi 120, con anclajes Vin fix ENTRE ESTRUCTURA DE CONCRETO Y CUBIERTA DE MADERA y pasadores STA ROTHOBLASS O SIMILAR ENTRE LA PLATINA Y LA ESTRUCTURA DE MADERA, incluye anclajes epóxico entre concreto y platina, neopreno entre madera y concreto, arandelas, tuercas y todo los equipos y elementos necesarios para la correcta instalación. | D50: u | E50: 10 | F50: 98903 | G50: =IFERROR(ROUND($E50*$F50,0),"") -> 989030
B51: 6.02.05 | C51: PLATINA CORREAS CUBIERTA EN MADERA, CON PLATINA WBO090 (según diseño estructural) incluye la instalación, equipos y todo elemento necesario para la correcta instalación. | D51: u | E51: 170 | F51: 23320 | G51: =IFERROR(ROUND($E51*$F51,0),"") -> 3964400
B52: 6.02.06 | C52: CONECTOR TODO ROSCA VGS9160 ROTHOBLAAS | D52: u | E52: 1000 | F52: 5492 | G52: =IFERROR(ROUND($E52*$F52,0),"") -> 5492000
B53: 6.02.07 | C53: VARILLA ROSCADA GALVANIZADA 3/8" 0.50m | D53: u | E53: 55 | F53: 11322 | G53: =IFERROR(ROUND($E53*$F53,0),"") -> 622710
B54: 6.02.08 | C54: VARILLA ROSCADA GALVANIZADA 1/2" 0.50m | D54: u | E54: 55 | F54: 15868 | G54: =IFERROR(ROUND($E54*$F54,0),"") -> 872740
B55: 6.02.13 | C55: ESTRUCTURA EN MADERA TIPO PINO AMARILLO 80 x 140 mm LAMINADO SEGÚN DISEÑO ESTRUCTURAL, incluye instalación de anclajes embebidos, acabado según arquitectura, equipos y todo elemento necesario para la correcta instalación. | D55: m | E55: =ROUND(74.91,2) -> 74.91 | F55: 163537 | G55: =IFERROR(ROUND($E55*$F55,0),"") -> 12250557
B56: 6.02.16 | C56: ESTRUCTURA EN MADERA TIPO PINO AMARILLO 80 x 225 mm (+ - 5mm) LAMINADA SEGÚN DISEÑO ESTRUCTURAL, incluye instalación de anclajes embebidos, acabado según arquitectura, equipos y todo elemento necesario para la correcta instalación. | D56: m2 | E56: =ROUND(196.24,2) -> 196.24 | F56: 232430 | G56: =IFERROR(ROUND($E56*$F56,0),"") -> 45612063
B57: Total | G57: =SUBTOTAL(109,POE_ESTRUCTURA_METÁLICA_Y_MADERA[[VALOR TOTAL ]]) -> 141210234
B58: 7 | C58: REDES HIDRÁULICAS, SANITARIAS, AGUAS DE RECOLECCIÓN Y RCI | D58: UND. | E58: CANTIDAD | F58: VALOR UNITARIO | G58: VALOR TOTAL
B59: 7.01 | C59: CAJAS, POZOS, CARCAMOS
B60: 7.01.01 | C60: CAJA DE INSPECCIÓN EN MAMPOSTERÍA 80x80x150 cm (a x L x h) medidas internas útiles. Incluye base en concreto f'c=2000 PSI y malla electrosoldada, cañuela, ladrillo tolete recocido común, tapa en concreto f'c=3000 PSI con marco y contramarco metálico, pañetado liso impermeabilizado 1:4 interno completo. No incluye excavaciones ni rellenos. | D60: u | E60: 1 | F60: 1206913 | G60: =IFERROR(ROUND($E60*$F60,0),"") -> 1206913
B61: 7.01.02 | C61: CAJA DE INSPECCIÓN EN MAMPOSTERÍA 80x80x80 cm (a x L x h) medidas internas útiles. Incluye base en concreto f'c=2000 PSI y malla electrosoldada, cañuela, ladrillo tolete recocido común, tapa en concreto f'c=3000 PSI con marco y contramarco metálico, pañetado liso impermeabilizado 1:4 interno completo. No incluye excavaciones ni rellenos. | D61: u | E61: 5 | F61: 807468 | G61: =IFERROR(ROUND($E61*$F61,0),"") -> 4037340
B62: 7.01.03 | C62: CAJA DE INSPECCIÓN EN MAMPOSTERÍA 60x60x80 cm (a x L x h) medidas internas útiles. Incluye base en concreto f'c=2000 PSI y malla electrosoldada, cañuela, ladrillo tolete recocido común, tapa en concreto f'c=3000 PSI con marco y contramarco metálico, pañetado liso impermeabilizado 1:4 interno completo. No incluye excavaciones ni rellenos. | D62: u | E62: 1 | F62: 634522 | G62: =IFERROR(ROUND($E62*$F62,0),"") -> 634522
B63: 7.01.04 | C63: CAJAS CON REJILLA PERIMETRAL DE 0.40m*0.60 m, tipo sumidero (ver ubicación en planos) Incluye suministro, herramienta, mano de obra y demás materiales necesarios para su correcta instalación. | D63: u | E63: 5 | F63: 558994 | G63: =IFERROR(ROUND($E63*$F63,0),"") -> 2794970
B64: 7.01.05 | C64: CUNETA EN CONCRETO PREFABRICADAS TIPO A120 80x30x22 (ver ubicación en planos) Incluye suministro, herramienta, mano de obra y demás materiales necesarios para su correcta instalación. | D64: m | E64: 30 | F64: 114040 | G64: =IFERROR(ROUND($E64*$F64,0),"") -> 3421200
B65: 7.02 | C65: REDES SANITARIAS | G65: =IFERROR(ROUND($E65*$F65,0),"")
B66: 7.02.02 | C66: SUMINISTRO E INSTALACIÓN DE TUBERÍA SANITARIA PVC-S ø 4" (conexión hacia la acometida y cajas + incluye accesorios y todo lo necesario para su instalación) | D66: m | E66: 57.5 | F66: 51131 | G66: =IFERROR(ROUND($E66*$F66,0),"") -> 2940033
B67: 7.02.04 | C67: SUMINISTRO E INSTALACIÓN DE TUBERÍA SANITARIA PVC-S ø 2" (Incluye accesorios y todo lo necesario para su instalación) | D67: m | E67: 10.6 | F67: 35559 | G67: =IFERROR(ROUND($E67*$F67,0),"") -> 376925
B68: 7.02.05 | C68: PUNTO SANITARIO PVCS ø 4" (Incluye 1,5 m de tubería desde la salida hasta la red +accesorios y todo lo necesario para su instalación) | D68: u | E68: 2 | F68: 85004 | G68: =IFERROR(ROUND($E68*$F68,0),"") -> 170008
B69: 7.02.07 | C69: PUNTO SANITARIO PVC-S ø 2" (Incluye 1.5 m tubería desde la salida hasta la red + accesorios y todo lo necesario para su instalación) | D69: u | E69: 4 | F69: 46403 | G69: =IFERROR(ROUND($E69*$F69,0),"") -> 185612
B70: 7.02.08 | C70: SUMINISTRO E INSTALACIÓN DE PUNTO SANITARIOS Y SIFONES DE PISO 4" (incluye rejillas metálicas de piso y todos los materiales necesarios para su correcta instalación) | D70: u | E70: 8 | F70: 134513 | G70: =IFERROR(ROUND($E70*$F70,0),"") -> 1076104
B71: 7.02.10 | C71: SUMINISTRO E INSTALACIÓN DE PUNTO SANITARIOS Y SIFONES DE PISO 2" (incluye rejillas metálicas de piso y todos los materiales necesarios para su correcta instalación) | D71: u | E71: 1 | F71: 71393 | G71: =IFERROR(ROUND($E71*$F71,0),"") -> 71393
B72: 7.02.18 | C72: SUMINISTRO E INSTALACIÓN DE TUBERÍA SANITARIA pared estructural ø 6" o 160 mm (tipo NOVAFORT o equivalente de igual calidad o superior). Incluye accesorios y todo lo necesario para su instalación y buen funcionamiento. | D72: m | E72: 12 | F72: 60006 | G72: =IFERROR(ROUND($E72*$F72,0),"") -> 720072
B73: 7.02.19 | C73: SUMINISTRO E INSTALACIÓN DE TUBERÍA SANITARIA pared estructural ø 4" o 110 mm (tipo NOVAFORT o equivalente de igual calidad o superior). Incluye accesorios y todo lo necesario para su instalación y buen funcionamiento. | D73: m | E73: 59.8 | F73: 42775 | G73: =IFERROR(ROUND($E73*$F73,0),"") -> 2557945
B74: 7.03 | C74: REDES HIDRÁULICAS | G74: =IFERROR(ROUND($E74*$F74,0),"")
B75: 7.03.01 | C75: SUMINISTRO E INSTALACIÓN DE ACOMETIDA PVC-P 3/4" RDE 11 (400 psi). Comprende desde punto de salida del medidor hasta la conexión a la red principal. Incluye todos los accesorios (válvulas de corte, caja de medidor, medidor + tubería + accesorios) y materiales necesarios para su instalación. | D75: u | E75: 1 | F75: 916589 | G75: =IFERROR(ROUND($E75*$F75,0),"") -> 916589
B76: 7.03.08 | C76: SUMINISTRO E INSTALACIÓN DE TUBERÍA PVC-P 1" RDE 13.5 (Incluye todos los accesorios y materiales necesarios para su instalación) | D76: m | E76: 30.6 | F76: 18243 | G76: =IFERROR(ROUND($E76*$F76,0),"") -> 558236
B77: 7.03.09 | C77: SUMINISTRO E INSTALACIÓN DE TUBERÍA PVC-P 3/4" RDE 11 (Incluye todos los accesorios y materiales necesarios para su instalación) | D77: m | E77: 64.5 | F77: 14705 | G77: =IFERROR(ROUND($E77*$F77,0),"") -> 948473
B78: 7.03.10 | C78: SUMINISTRO E INSTALACIÓN DE TUBERÍA PVC-P 1/2" RDE 9 (Incluye todos los accesorios y materiales necesarios para su instalación) | D78: m | E78: 32.9 | F78: 12889 | G78: =IFERROR(ROUND($E78*$F78,0),"") -> 424048
B79: 7.03.12 | C79: PUNTO DE AGUA FRÍA 1" (instalado subterráneo y/o a nivel y/o en alturas hasta 10,00 m. Incluye cámara de aire, 1,5 m de tubería, accesorios, complementarios, regatas y resanes). | D79: u | E79: 4 | F79: 59355 | G79: =IFERROR(ROUND($E79*$F79,0),"") -> 237420
B80: 7.03.13 | C80: PUNTO DE AGUA FRÍA 3/4" (instalado subterráneo y/o a nivel y/o en alturas hasta 10,00 m. Incluye cámara de aire, 1,5 m de tubería, accesorios, complementarios, regatas y resanes). | D80: u | E80: 1 | F80: 47069 | G80: =IFERROR(ROUND($E80*$F80,0),"") -> 47069
B81: 7.03.14 | C81: PUNTO DE AGUA FRÍA 1/2" (instalado subterráneo y/o a nivel y/o en alturas hasta 10,00 m. Incluye cámara de aire, 1,5 m de tubería, accesorios, complementarios, regatas y resanes). | D81: u | E81: 10 | F81: 42513 | G81: =IFERROR(ROUND($E81*$F81,0),"") -> 425130
B82: 7.03.20 | C82: SUMINISTRO E INSTALACIÓN DE VÁLVULA ó REGISTRO R/W DE 1" (Incluye todos los accesorios y materiales necesarios para su instalación) | D82: u | E82: 4 | F82: 203588 | G82: =IFERROR(ROUND($E82*$F82,0),"") -> 814352
B83: 7.03.21 | C83: SUMINISTRO E INSTALACIÓN DE VÁLVULA ó REGISTRO R/W DE 3/4" (Incluye todos los accesorios y materiales necesarios para su instalación) | D83: u | E83: 3 | F83: 147468 | G83: =IFERROR(ROUND($E83*$F83,0),"") -> 442404
B84: 7.03.22 | C84: SUMINISTRO E INSTALACIÓN DE VÁLVULA ó REGISTRO R/W DE 1/2" (Incluye todos los accesorios y materiales necesarios para su instalación) | D84: u | E84: 5 | F84: 121391 | G84: =IFERROR(ROUND($E84*$F84,0),"") -> 606955
B85: 7.03.37 | C85: SUMINISTRO E INSTALACIÓN DE LLAVE TERMINAL 1/2" TIPO PESADO PARA MANGUERA. | D85: u | E85: 6 | F85: 58383 | G85: =IFERROR(ROUND($E85*$F85,0),"") -> 350298
B86: 7.04 | C86: REDES VENTILACIÓN Y AGUAS LLUVIAS | G86: =IFERROR(ROUND($E86*$F86,0),"")
B87: 7.04.03 | C87: SUMINISTRO E INSTALACIÓN DE TUBERÍA DE VENTILACIÓN PVC L ø 2" (incluye accesorios y todo lo necesario para su instalación) | D87: m | E87: 8.4 | F87: 33018 | G87: =IFERROR(ROUND($E87*$F87,0),"") -> 277351
B88: 7.04.04 | C88: SUMINISTRO E INSTALACIÓN DE BAJANTE CUADRADA (SECCIÓN 62 x 64 mm) PARA CANAL AMAZONAS O SIMILAR (Incluye todos los accesorios y materiales necesarios para su instalación) | D88: m | E88: 13.6 | F88: 50787 | G88: =IFERROR(ROUND($E88*$F88,0),"") -> 690703
B89: 7.04.05 | C89: PUNTO SANITARIO BAJANTE AGUAS LLUVIAS (Incluye tragante metálica 5x4, accesorios de conexión con la bajante y rebose lateral de la canal con accesorios según planos de diseño) | D89: u | E89: 8 | F89: 202611 | G89: =IFERROR(ROUND($E89*$F89,0),"") -> 1620888
B90: 7.05 | C90: TANQUES Y EQUIPOS | G90: =IFERROR(ROUND($E90*$F90,0),"")
B91: 7.05.01 | C91: SUMINISTRO E INSTALACIÓN DE TANQUE PLÁSTICO DE ALMACENAMIENTO (volumen de 5000 lt + incluye transporte, anclajes, mano de obra, flotador, válvulas, herramienta y demás materiales necesarios para su correcta instalación y funcionamiento, incluye pruebas de estanqueidad) | D91: u | E91: 1 | F91: 4869004 | G91: =IFERROR(ROUND($E91*$F91,0),"") -> 4869004
B92: 7.05.02 | C92: SUMINISTRO E INSTALACIÓN DE TANQUE PLÁSTICO DE ALMACENAMIENTO BAJO (volumen de 2000 lt + incluye transporte, anclajes, mano de obra, flotador, válvulas, herramienta y demás materiales necesarios para su correcta instalación y funcionamiento, incluye pruebas de estanqueidad) | D92: u | E92: 2 | F92: 2083366 | G92: =IFERROR(ROUND($E92*$F92,0),"") -> 4166732
B93: Total | G93: =SUBTOTAL(109,POE_REDES_HIDROSANITARIAS[[VALOR TOTAL ]]) -> 37588689
B94: 8 | C94: INSTALACIONES ELÉCTRICAS E ILUMINACIÓN | D94: UND. | E94: CANTIDAD | F94: VALOR UNITARIO | G94: VALOR TOTAL
B95: 8.01 | C95: EQUIPO DE MEDIDA
B96: 8.01.02 | C96: Suministro e instalación de caja para medidor trifásico 3F+1N de acuerdo con especificación técnica del operador de red, incluye medidor con protocolos vigentes 10-100A | D96: u | E96: 1 | F96: 495129 | G96: =IFERROR(ROUND($E96*$F96,0),"") -> 495129
B97: 8.02 | C97: REDES EXTERIORES EN BAJA TENSIÓN | F97: 0 | G97: =IFERROR(ROUND($E97*$F97,0),"") -> 0
B98: 8.02.01 | C98: Suministro e instalación de tubo TDP 2" PVC tipo pesado, incluye terminal tipo campana para conexión, accesorios y demás elementos para su correcta instalación | D98: m | E98: 80 | F98: 38205 | G98: =IFERROR(ROUND($E98*$F98,0),"") -> 3056400
B99: 8.02.02 | C99: Suministro de materiales y mano de obra para canalización en baja tensión, incluye excavación y retiro de material sobrante, arena de peña, banda plástica de señalización, compactación de material. Norma técnica Operador de Red | D99: m | E99: 40 | F99: 46078 | G99: =IFERROR(ROUND($E99*$F99,0),"") -> 1843120
B100: 8.02.03 | C100: Suministro e instalación de cámara de inspección BT CS274 o equivalente según norma. incluye excavación, concreto, mortero, recebo compactado, ladrillo tolete recocido, grava, drenaje, herraje, marco, tapa, terminales tipo campana, pañete y demás accesorios necesarios para su adecuada instalación. | D100: u | E100: 4 | F100: 1087143 | G100: =IFERROR(ROUND($E100*$F100,0),"") -> 4348572
B101: 8.03 | C101: TABLEROS DE DISTRIBUCIÓN Y PROTECCIONES | F101: 0 | G101: =IFERROR(ROUND($E101*$F101,0),"") -> 0
B102: 8.03.01 | C102: Suministro e instalación de tablero en lámina cold rolled calibre 16, y acabado final en pintura electrostática RALL 7032 tipo poliéster, dimensiones aproximadas 100x80x30 cm, cierre bombín, puerta de una hoja, puerta frente muerta, tipo de protección: IP 55 incluye: módulo #1 de totalizadores: un (1) interruptores de 2x80a de 25/15 KA SCHNEIDER, ABB. LEGRAND, un (1) barraje tipo bloque: neutro de 1/8x3/4, tierra de 1/8x3/4; montados sobre aisladores de resina, dos (2) interruptor de 2x40A de 25KA SCHNEIDER, ABB. LEGRAND, dos (2) interruptor de 2x30A de 25KA SCHNEIDER, ABB. LEGRAND, dos (2) interruptor de 1x30a de 20 KA SCHNEIDER, ABB. LEGRAND, un (1) DPS de 2 fases 220/120V. interruptores de normal: seis (6) interruptor de 1x20A de 10 KA riel din SCHNEIDER, ABB, LEGRAND módulo de regulada, un (1) conmutador de 3x60a merz o similar, un (1) barraje tipo peine, dos (2) interruptor de 1x20A de 20 KA SCHNEIDER, ABB, LEGRAND todos estos elementos debidamente montados dentro del tablero según especificaciones y diagrama unifilar | D102: u | E102: 1 | F102: 7928516 | G102: =IFERROR(ROUND($E102*$F102,0),"") -> 7928516
B103: 8.03.02 | C103: Materiales y mano para la instalación de tablero de distribución bifásico enchufable para 18 Circuitos con espacio para totalizador, incluye barraje de neutro, barraje de tierra, puerta y chapa, totalizado bifásico tipo DRX de 40A 2F 65 KA 208V; doce (12) interruptores 1x20A; (incluye elementos consumibles para su correcta instalación, empotrado). | D103: u | E103: 1 | F103: 1316006 | G103: =IFERROR(ROUND($E103*$F103,0),"") -> 1316006
...

Sheet AIU
C1: MC-LPO-0004-2025 CENTRO CULTURAL - CASA DE LOS SABERES MAGUI, NARIÑO | L1: 1264461957 | M1: VALOR presupuestado PROCESO
L2: 935945194 | M2: COSTO DIRECTO
C3: ANALISIS DEL AIU | L3: =+L1-L2 -> 328516763 | M3: COSTO INDIRECTO
C5: A1- IMPUESTOS Y PÓLIZAS | D5: Unidad | E5: Porcentaje | G5: Cantidad | I5: COSTO | L5: =L3=I52 -> FALSE
A6: A1 | C6: Retefuente | D6: Global | E6: 0.02 | G6: 1 | I6: =ROUND(($L$1-$I$51)*G6*E6,0) -> 25111410
C7: Contribución contratos O.P. | D7: Global | E7: 0.05 | G7: 1 | I7: =ROUND(($L$1-$I$51)*G7*E7,0) -> 62778524
C8: Transacciones financieras (4 x 1000) | D8: Global | E8: 0.004 | G8: 1 | I8: =ROUND(($L$1-$I$51)*G8*E8,0) -> 5022282
C9: Rete ICA 6.9/1000 | D9: Global | E9: 0.0069 | G9: 1 | I9: =ROUND(($L$1-$I$51)*G9*E9,0) -> 8663436
C10: FIC | D10: Global | E10: 0.0025 | G10: 1 | I10: =ROUND(($L$1-$I$51)*G10*E10,0) -> 3138926
C11: Estampilla Pro Universidad Nacional | D11: Global | E11: 0.005 | G11: 1 | I11: =ROUND(($L$1-$I$51)*G11*E11,0) -> 6277852
C12: Impuesto de Timbre | D12: Global | E12: 0.005 | G12: 1 | I12: =ROUND(($L$1-$I$51)*G12*E12,0) -> 6277852
C13: Administración fiducia 1 SMMLV por mes de duración | D13: Mes | E13: 1488981 | G13: 3 | I13: =ROUND(G13*E13,0) -> 4466943
C14: Pólizas | D14: Global | E14: 0.01252 | G14: 1 | I14: =ROUND($L$1*G14*E14,0) -> 15831064
C15: PORCENTAJE IMPUESTOS Y OTROS SOBRE CONTRATO | E15: =SUM(E6:E14) -> 1488981.1 | I15: =SUM(I6:I14) -> 137568289
C17: A2- PERSONAL | D17: VALOR BRUTO | E17: Carga Prestacional | F17: DEDICACION % | G17: Cantidad Y/O Turnos | H17: Plazo (mes) | I17: VALOR NETO
A18: A2 | C18: Director de Diseños y Obra | D18: 7415424 | E18: 1.6019 | F18: 0.3 | G18: 1 | H18: 6 | I18: =IFERROR(ROUND(E18*D18*G18*F18*H18,0),"") -> 21381782
C19: Residente de obra | D19: 5372002 | E19: 1.6019 | F19: 1 | G19: 1 | H19: 6 | I19: =IFERROR(ROUND(E19*D19*G19*F19*H19,0),"") -> 51632460
C20: Profesional Social | D20: 4500046 | E20: 1.6019 | F20: 0.3 | G20: 1 | H20: 6 | I20: =IFERROR(ROUND(E20*D20*G20*F20*H20,0),"") -> 12975523
C21: Especialista en geotecnia | D21: 4500046 | E21: 1.6019 | F21: 0.2 | G21: 1 | H21: 2 | I21: =IFERROR(ROUND(E21*D21*G21*F21*H21,0),"") -> 2883449
C22: Especialista estructural | D22: 4500046 | E22: 1.6019 | F22: 0.2 | G22: 1 | H22: 3 | I22: =IFERROR(ROUND(E22*D22*G22*F22*H22,0),"") -> 4325174
C23: Especialista Hidrosanitario | D23: 4500046 | E23: 1.6019 | F23: 0.15 | G23: 1 | H23: 3 | I23: =IFERROR(ROUND(E23*D23*G23*F23*H23,0),"") -> 3243881
C24: Especialista eléctrico de iluminación y electrónico | D24: 4500046 | E24: 1.6019 | F24: 0.15 | G24: 1 | H24: 3 | I24: =IFERROR(ROUND(E24*D24*G24*F24*H24,0),"") -> 3243881
C25: Profesional en Seguridad y Salud en el Trabajo, y medio ambiente | D25: 4500046 | E25: 1.6019 | F25: 0.5 | G25: 1 | H25: 6 | I25: =IFERROR(ROUND(E25*D25*G25*F25*H25,0),"") -> 21625871
I26: =IFERROR(ROUND(E26*D26*G26*F26*H26,0),"") -> 0
I27: =IFERROR(ROUND(E27*D27*G27*F27*H27,0),"") -> 0
I28: =IFERROR(ROUND(E28*D28*G28*F28*H28,0),"") -> 0
C29: PERSONAL | I29: =SUM(I18:I28) -> 121312021
C31: GASTOS GENERALES | D31: UN | F31: CANTIDAD | H31: VALOR BRUTO | I31: VALOR NETO
A32: A3 | C32: PAPELERÍA, FOTOCOPIAS Y EQUIPOS | D32: mes | F32: 6 | H32: 12680.784 | I32: =ROUND(H32*F32,0) -> 76085
C33: EQUIPOS OFICINA (COMPUTADORES Y ESCANER) (3 UNIDADES) | D33: mes | F33: 6 | H33: 339150 | I33: =ROUND(H33*F33,0) -> 2034900
C34: EQUIPOS DE COMUNICACIÓN | D34: mes | F34: 6 | H34: 82699.588 | I34: =ROUND(H34*F34,0) -> 496198
C35: SOFTWARE LICENCIADO | D35: Global | F35: 1 | H35: 608687 | I35: =ROUND(H35*F35,0) -> 608687
C36: ADECUACION ESPACIO PARA ALMACÉN, MUEBLES, BAÑOS (INCLUYE RETIRO AL FINALIZAR LA OBRA) | D36: Global | F36: 1 | H36: 1351000 | I36: =ROUND(H36*F36,0) -> 1351000
C37: IMPLEMENTACIÓN PLAN AMBIENTAL Y SEGURIDAD INDUSTRIAL - Elementos de seguridad Industrial, incluye trabajo de alturas, señalizacion y proteccion de zonas de trabajo | D37: Global | F37: 1 | H37: 4267205 | I37: =ROUND(H37*F37,0) -> 4267205
C38: ENSAYOS DE LABORATORIO (incluiye pueba de tintas, concretos, aceros, ferroscan) | D38: Global | F38: 1 | H38: =4672000-24400 -> 4647600 | I38: =ROUND(H38*F38,0) -> 4647600
C39: SERVICIOS PÚBLICOS | D39: mes | F39: 6 | H39: =120000+50000+200000 -> 370000 | I39: =ROUND(H39*F39,0) -> 2220000
C40: IMPLEMENTACIÓN PLAN DE MANEJO DE TRANSITO - Elementos de seguridad Industrial, señalizacion y proteccion de zonas de trabajo | D40: Global | F40: 1 | H40: 569340.94 | I40: =ROUND(H40*F40,0) -> 569341
C41: VALLA INFORMATIVA DEL PROYECTO (2,00 X3,00MTS) BANNER CON OJALETES CON ESTRUCTURA METALICA DE SOPORTE | D41: Global | F41: 1 | H41: 1843657 | I41: =ROUND(H41*F41,0) -> 1843657
C42: GASTOS GENERALES | I42: =SUM(I32:I41) -> 18114673
C44: TOTAL ADMINISTRACIÓN | E44: PORCENTAJE | H44: =+I44/I46 -> 0.29595214 | I44: =+I42+I29+I15 -> 276994983
C46: COSTO DIRECTO | I46: 935945194
C48: ADMINISTRACIÓN | H48: =ROUND(+H44,4) -> 0.296 | I48: =ROUND(($I$46*H48),0) -> 277039777
C49: IMPREVISTOS | H49: 0.005 | I49: =ROUND(($I$46*H49),0) -> 4679726
C50: UTILIDAD | H50: 0.05 | I50: =ROUND(($I$46*H50),0) -> 46797260
C51: IVA SOBRE UTILIDAD | H51: 0.19 | I51: =ROUND(($I$50*H51),0) -> 8891479
C52: COSTO INDIRECTO | I52: =ROUND(SUM(I48:I51),0) -> 337408242
C54: VALOR TOTAL | I54: =ROUND(I46+I52,0) -> 1273353436
I58: 1224971446
I59: =+I58-I54 -> -48381990

Sheet FORMULARIO 1
B2: Formulario 1 - Propuesta económica - Licitación de obra pública de infraestructura social
B3: Código | C3: CCE-EICP-FM-116
B4: Versión | C4: 1
B6: FORMULARIO 1 - MC-LPO-0004-2025 CENTRO CULTURAL - CASA DE LOS SABERES MAGUI, NARIÑO
B7: [La Entidad puede utilizar este Formulario de presentación de Propuesta Económica de forma detallada, sin perjuicio que la Entidad pueda modificarlo o establecer la presentación de la oferta económica con un Formulario distinto al indicado.] [Los Proponentes emplearán el Formulario establecido por la Entidad para determinar su propuesta económica conforme al Formulario 1 - Presupuesto Oficial publicado por la Entidad]
B8: Adicionalmente, cuando el Proceso de Contratación es estructurado por Precios Unitarios, la Entidad debe aplicar las notas 1, 2 y 3 del presente Formulario y las casillas de "Descripción", "Porcentaje" de la Administración, Imprevisto, Utilidad y total A.I.U. resaltadas en color amarillo. Tratándose de otras modalidades de precio, la Entidad puede o no configurar los mismos aspectos.
B10: ÍTEM DE PAGO | C10: DESCRIPCIÓN
B11: 1 | C11: ACTIVIDADES PRELIMINARES, DESMONTES Y DEMOLICIONES | D11: UND. | E11: CANTIDAD | F11: VALOR UNITARIO OFICIAL | G11: VALOR UNITARIO OFERTADO | H11: VALOR TOTAL
B12: 1.01 | C12: Preliminares | H12: =IFERROR(ROUND((E12*G12),0),"")
B13: 1.01.01 | C13: CERRAMIENTO PROVISIONAL EN TELA VERDE H=2.20 m, Incluye postes en madera rolliza y/o guadua, poli sombra verde y todos los elementos, materiales y mano de obra requeridos para su correcta ejecución | D13: m | E13: =ROUND((31.59+19.32+30.97+19.33),2) -> 101.21 | F13: 19299 | G13: 17614.2 | H13: =IFERROR(ROUND((E13*G13),0),"") -> 1782733
B14: 1.01.03 | C14: LOCALIZACIÓN TRAZADO Y REPLANTEO CON COMISIÓN TOPOGRÁFICA | D14: m2 | E14: 322 | F14: 3854 | G14: 3517.55 | H14: =IFERROR(ROUND((E14*G14),0),"") -> 1132651
B15: 1.01.04 | C15: RED AGUA PROVISIONAL, longitud 50 m, incluye trámite de conexión y contador | D15: u | E15: 1 | F15: 535959 | G15: 489169.78 | H15: =IFERROR(ROUND((E15*G15),0),"") -> 489170
B16: 1.01.05 | C16: RED ELÉCTRICA PROVISIONAL longitud 50 m, incluye trámite de conexión y contador | D16: u | E16: 1 | F16: 1747136 | G16: 1594611 | H16: =IFERROR(ROUND((E16*G16),0),"") -> 1594611
B17: Total | D17: =SUBTOTAL(103,'FORMULARIO 1'!$D$12:$D$16) -> 4 | H17: =SUBTOTAL(109,'FORMULARIO 1'!$H$12:$H$16) -> 4999165
B18: 2 | C18: MOVIMIENTO DE TIERRAS | D18: UND. | E18: CANTIDAD | F18: VALOR UNITARIO OFICIAL | G18: VALOR UNITARIO OFERTADO | H18: VALOR TOTAL
B19: 2.02 | C19: CORTE Y/O EXCAVACIÓN MANUAL y/o MECÁNICA DE TERRENO, (Para elementos estructurales, redes, y todos los elementos constructivos que lo requieran, unidad medida en bloque en planos o en terreno, no se reconocerán sobreanchos ni sobre excavaciones) incluye selección, trasiego, almacenamiento en obra, disposición interna en el proyecto, profundidad hasta 2,00 m. | D19: m3 | E19: =ROUND((1.1*525.7),2) -> 578.27 | F19: 48548 | G19: 44309.76 | H19: =IFERROR(ROUND($E19*$G19,0),"") -> 25623005
B20: 2.04 | C20: RELLENO CON MATERIAL SELECCIONADO PRODUCTO DE LA EXCAVACIÓN, compactado al 95%, aplica también para rellenos de redes. | D20: m3 | E20: =ROUND((1.1*326.24),2) -> 358.86 | F20: 27288 | G20: 24905.76 | H20: =IFERROR(ROUND($E20*$G20,0),"") -> 8937681
B21: 2.05 | C21: RELLENO MANUAL CON ARENA DE PEÑA LAVADA, atraque para tuberías (ver diseño de conexiones) Incluye suministro, extendida de manera uniforme. | D21: m3 | E21: 30.6 | F21: 233993 | G21: 213565.41 | H21: =IFERROR(ROUND($E21*$G21,0),"") -> 6535102
B22: 2.06 | C22: RELLENO CON MATERIAL SELECCIONADO GRANULAR TIPO B-200 compactado al 95% según estudio de suelos, incluye suministro del material | D22: m3 | E22: =ROUND((12.87*(1.5/2)),2) -> 9.65 | F22: 78977 | G22: 72082.31 | H22: =IFERROR(ROUND($E22*$G22,0),"") -> 695594
B23: Total | H23: =SUBTOTAL(109,'FORMULARIO 1'!$H$19:$H$22) -> 41791382
B24: 3 | C24: CIMENTACIÓN | D24: UND. | E24: CANTIDAD | F24: VALOR UNITARIO OFICIAL | G24: VALOR UNITARIO OFERTADO | H24: VALOR TOTAL
B25: 3.01 | C25: SOLADO DE LIMPIEZA e=0.05 m concreto f'c = 2000 psi, según recomendación estudio de suelos y planos estructurales | D25: m2 | E25: =ROUND(93,2) -> 93 | F25: 34659 | G25: 31633.27 | H25: =IFERROR(ROUND($E25*$G25,0),"") -> 2941894
B26: 3.02 | C26: CONCRETO CICLÓPEO (Según recomendación de estudio de suelos y diseño de cimentación), Incluye, mano de obra, herramienta, suministro de concreto y demás materiales necesarios para la realización de la actividad | D26: m3 | E26: =ROUND(48.15,2) -> 48.15 | F26: 368768 | G26: 336574.55 | H26: =IFERROR(ROUND($E26*$G26,0),"") -> 16206065
B27: 3.04 | C27: ZAPATAS EN CONCRETO IMPERMEABILIZADO, f'c = 3.500 PSI (Según recomendación de estudio de suelos y diseño de cimentación, no incluye acero de refuerzo), Incluye, formaleta, mano de obra, herramienta, suministro de concreto y demás materiales necesarios para la realización de la actividad | D27: m3 | E27: =ROUND(30.34,2) -> 30.34 | F27: 890012 | G27: 812313.95 | H27: =IFERROR(ROUND($E27*$G27,0),"") -> 24645605
B28: 3.07 | C28: VIGA DE AMARRE EN CONCRETO IMPERMEABILIZADO, f'c = 3.500 PSI (Según recomendación de estudio de suelos y diseño de cimentación, no incluye acero de refuerzo), Incluye formaleta, mano de obra, herramienta, suministro de concreto y demás materiales necesarios para la realización de la actividad. Incluye construcción de muesca para apoyo de placa de contrapiso según planos. | D28: m3 | E28: =ROUND(18.45,2) -> 18.45 | F28: 935528 | G28: 853856.41 | H28: =IFERROR(ROUND($E28*$G28,0),"") -> 15753651
B29: Total | H29: =SUBTOTAL(109,'FORMULARIO 1'!$H$25:$H$28) -> 59547215
B30: 4 | C30: REFUERZO | D30: UND. | E30: CANTIDAD | F30: VALOR UNITARIO OFICIAL | G30: VALOR UNITARIO OFERTADO | H30: VALOR TOTAL
B31: 4.01 | C31: Suministro e instalación de Acero De Refuerzo 60.000 PSI (Desperdicio incluido en el valor del APU) | D31: kg | E31: =ROUND(15170.67,2) -> 15170.67 | F31: 8357 | G31: 7627.43 | H31: =IFERROR(ROUND($E31*$G31,0),"") -> 115713223
B32: 4.02 | C32: Suministro e instalación de refuerzo en MALLA ELECTROSOLDADA (Desperdicio incluido en el valor del APU) | D32: kg | E32: =ROUND(1987.6,2) -> 1987.6 | F32: 8531 | G32: 7786.24 | H32: =IFERROR(ROUND($E32*$G32,0),"") -> 15475931
B33: 4.03 | C33: ANCLAJE MANUAL EMPLEANDO VARILLA Ø 3/8" PARA PERFORACIÓN Ø 1/2" PROF MAX 0,30 M FIJADO MEDIANTE EPÓXICO DE DOS COMPONENTES 100% SOLIDOS INSENSIBLE A LA HUMEDAD Y TIXOTRÓPICO | D33: u | E33: 50 | F33: 13178 | G33: 12027.56 | H33: =IFERROR(ROUND($E33*$G33,0),"") -> 601378
B34: 4.04 | C34: ANCLAJE MANUAL EMPLEANDO VARILLA Ø 1/2" PARA PERFORACIÓN Ø 5/8" PROF MAX 0,30 M FIJADO MEDIANTE EPÓXICO DE DOS COMPONENTES 100% SOLIDOS INSENSIBLE A LA HUMEDAD Y TIXOTRÓPICO | D34: u | E34: 40 | F34: 14708 | G34: 13423.99 | H34: =IFERROR(ROUND($E34*$G34,0),"") -> 536960
B35: Total | H35: =SUBTOTAL(109,'FORMULARIO 1'!$H$31:$H$34) -> 132327492
B36: 5 | C36: ESTRUCTURAS EN CONCRETO | D36: UND. | E36: CANTIDAD | F36: VALOR UNITARIO OFICIAL | G36: VALOR UNITARIO OFERTADO | H36: VALOR TOTAL
B37: 5.03 | C37: PLACA DE CONTRAPISO EN CONCRETO REFORZADO, f´c=20,7 Mpa (3.000 PSI) e=0.10, según diseño de cimentación y diseño estructural, incluye formaleta, juntas de construcción y de dilatación ubicadas según detalle constructivo, mano de obra, herramienta, suministro de concreto y demás materiales necesarios para la realización de la actividad | D37: m2 | E37: =ROUND(279.02+11.505,2) -> 290.53 | F37: 139882 | G37: 127670.3 | H37: =IFERROR(ROUND($E37*$G37,0),"") -> 37092052
B38: 5.07 | C38: CONSTRUCCIÓN DE ESCALERA EN CONCRETO 20,7 Mpa (3.000 PSI) sobre terreno e = 0,12 m | D38: m2 | E38: =ROUND((26.091+1.1),2) -> 27.19 | F38: 125177 | G38: 114249.05 | H38: =IFERROR(ROUND($E38*$G38,0),"") -> 3106432
B39: 5.09 | C39: CORTE EN PLACA PARA DILATACIONES DE PISO, con máquina cortadora y disco diamantado h.=1/3 espesor de la placa de contrapiso / entrepiso Pf.>4,1<=7,0 cm (ver adicional el ítem de sellante). | D39: m | E39: =ROUND(34.4,2) -> 34.4 | F39: 6499 | G39: 5931.64 | H39: =IFERROR(ROUND($E39*$G39,0),"") -> 204048
B40: 5.10 | C40: Suministro y aplicación de sellante elástico de poliuretano de alta resistencia química para juntas de dilatación de medidas Pf.>4,1<=10,0 mm a.>6,1<=10,0 mm, tipo Sika Flex Pro 3 WF de SIKA o equivalente de igual calidad o superior. Incluye limpieza en seco de las caras laterales de contacto, y perfil cilíndrico de espuma de polietileno de célula cerrada ø.=5/8" (16,0 mm) para limitar la profundidad a rellenar, tipo SikaRod de SIKA o equivalente. | D40: m | E40: =ROUND(34.2,2) -> 34.2 | F40: 19508 | G40: 17804.95 | H40: =IFERROR(ROUND($E40*$G40,0),"") -> 608929
B41: 5.11 | C41: COLUMNA DE CONCRETO REFORZADO f´c=28 Mpa (4.000 PSI), dimensiones según diseño, incluye formaleta metálica acabo liso, mano de obra, herramienta, suministro de concreto y demás materiales necesarios para la realización de la actividad | D41: m3 | E41: =ROUND(14.27,2) -> 14.27 | F41: 1093636 | G41: 998161.58 | H41: =IFERROR(ROUND($E41*$G41,0),"") -> 14243766
B42: 5.14 | C42: VIGA AÉREA EN CONCRETO REFORZADO f´c=28 Mpa (4.000 PSI), dimensiones según diseño, incluye formaleta metálica acabo liso, mano de obra, herramienta, suministro de concreto y demás materiales necesarios para la realización de la actividad | D42: m3 | E42: =ROUND(33.77,2) -> 33.77 | F42: 1166317 | G42: 1064497.5 | H42: =IFERROR(ROUND($E42*$G42,0),"") -> 35948082
B43: 5.18 | C43: LOSA DE ENTREPISO MACIZA EN CONCRETO REFORZADO f'c = 4000 PSI (e=0.10) Según diseños, dimensiones y detalles según diseño, incluye formaleta, mano de obra, herramienta, suministro de concreto y demás materiales necesarios para la realización de la actividad | D43: m2 | E43: =ROUND(10.5,2) -> 10.5 | F43: 223392 | G43: 203889.88 | H43: =IFERROR(ROUND($E43*$G43,0),"") -> 2140844
B44: 5.29 | C44: POYO EN CONCRETO REFORZADO f´c=17,5 Mpa (2500 PSI), a=0.45; e=0.08. No incluye acero de refuerzo. | D44: m | E44: =6+2 -> 8 | F44: 58669 | G44: 53547.2 | H44: =IFERROR(ROUND($E44*$G44,0),"") -> 428378
B45: Total | H45: =SUBTOTAL(109,'FORMULARIO 1'!$H$37:$H$44) -> 93772531
B46: 6 | C46: ESTRUCTURA METÁLICA Y MADERA | D46: UND. | E46: CANTIDAD | F46: VALOR UNITARIO OFICIAL | G46: VALOR UNITARIO OFERTADO | H46: VALOR TOTAL
B47: 6.01 | C47: Estructura Metálica
B48: 6.01.01 | C48: SUMINISTRO E INSTALACIÓN DE ESTRUCTURA METÁLICA SEGÚN DISEÑO ESTRUCTURAL. ASTM A653 SS-GR 50, incluye instalación de pernos, soldadura, templetes, contravientos, pintura anticorrosiva, acabado según arquitectura, equipos y todo elemento necesario para la correcta instalación. | D48: kg | E48: =ROUND((434.01*8.32),2) -> 3610.96 | F48: 19775 | G48: 18048.64 | H48: =IFERROR(ROUND($E48*$G48,0),"") -> 65172917
B49: 6.02 | C49: Estructuras en Madera | F49: 0 | H49: =IFERROR(ROUND($E49*$G49,0),"") -> 0
B50: 6.02.03 | C50: SUMINISTRO E INSTALACIÓN Platina Alumidi 120, con anclajes Vin fix ENTRE ESTRUCTURA DE CONCRETO Y CUBIERTA DE MADERA y pasadores STA ROTHOBLASS O SIMILAR ENTRE LA PLATINA Y LA ESTRUCTURA DE MADERA, incluye anclajes epóxico entre concreto y platina, neopreno entre madera y concreto, arandelas, tuercas y todo los equipos y elementos necesarios para la correcta instalación. | D50: u | E50: 10 | F50: 98903 | G50: 90268.77 | H50: =IFERROR(ROUND($E50*$G50,0),"") -> 902688
B51: 6.02.05 | C51: PLATINA CORREAS CUBIERTA EN MADERA, CON PLATINA WBO090 (según diseño estructural) incluye la instalación, equipos y todo elemento necesario para la correcta instalación. | D51: u | E51: 170 | F51: 23320 | G51: 21284.16 | H51: =IFERROR(ROUND($E51*$G51,0),"") -> 3618307
B52: 6.02.06 | C52: CONECTOR TODO ROSCA VGS9160 ROTHOBLAAS | D52: u | E52: 1000 | F52: 5492 | G52: 5012.55 | H52: =IFERROR(ROUND($E52*$G52,0),"") -> 5012550
B53: 6.02.07 | C53: VARILLA ROSCADA GALVANIZADA 3/8" 0.50m | D53: u | E53: 55 | F53: 11322 | G53: 10333.59 | H53: =IFERROR(ROUND($E53*$G53,0),"") -> 568347
B54: 6.02.08 | C54: VARILLA ROSCADA GALVANIZADA 1/2" 0.50m | D54: u | E54: 55 | F54: 15868 | G54: 14482.72 | H54: =IFERROR(ROUND($E54*$G54,0),"") -> 796550
B55: 6.02.13 | C55: ESTRUCTURA EN MADERA TIPO PINO AMARILLO 80 x 140 mm LAMINADO SEGÚN DISEÑO ESTRUCTURAL, incluye instalación de anclajes embebidos, acabado según arquitectura, equipos y todo elemento necesario para la correcta instalación. | D55: m | E55: =ROUND(74.91,2) -> 74.91 | F55: 163537 | G55: 149260.22 | H55: =IFERROR(ROUND($E55*$G55,0),"") -> 11181083
B56: 6.02.16 | C56: ESTRUCTURA EN MADERA TIPO PINO AMARILLO 80 x 225 mm (+ - 5mm) LAMINADA SEGÚN DISEÑO ESTRUCTURAL, incluye instalación de anclajes embebidos, acabado según arquitectura, equipos y todo elemento necesario para la correcta instalación. | D56: m2 | E56: =ROUND(196.24,2) -> 196.24 | F56: 232430 | G56: 212138.86 | H56: =IFERROR(ROUND($E56*$G56,0),"") -> 41630130
B57: Total | H57: =SUBTOTAL(109,'FORMULARIO 1'!$H$47:$H$56) -> 128882572
B58: 7 | C58: REDES HIDRÁULICAS, SANITARIAS, AGUAS DE RECOLECCIÓN Y RCI | D58: UND. | E58: CANTIDAD | F58: VALOR UNITARIO OFICIAL | G58: VALOR UNITARIO OFERTADO | H58: VALOR TOTAL
B59: 7.01 | C59: CAJAS, POZOS, CARCAMOS
B60: 7.01.01 | C60: CAJA DE INSPECCIÓN EN MAMPOSTERÍA 80x80x150 cm (a x L x h) medidas internas útiles. Incluye base en concreto f'c=2000 PSI y malla electrosoldada, cañuela, ladrillo tolete recocido común, tapa en concreto f'c=3000 PSI con marco y contramarco metálico, pañetado liso impermeabilizado 1:4 interno completo. No incluye excavaciones ni rellenos. | D60: u | E60: 1 | F60: 1206913 | G60: 1101549.5 | H60: =IFERROR(ROUND($E60*$G60,0),"") -> 1101550
B61: 7.01.02 | C61: CAJA DE INSPECCIÓN EN MAMPOSTERÍA 80x80x80 cm (a x L x h) medidas internas útiles. Incluye base en concreto f'c=2000 PSI y malla electrosoldada, cañuela, ladrillo tolete recocido común, tapa en concreto f'c=3000 PSI con marco y contramarco metálico, pañetado liso impermeabilizado 1:4 interno completo. No incluye excavaciones ni rellenos. | D61: u | E61: 5 | F61: 807468 | G61: 736976.04 | H61: =IFERROR(ROUND($E61*$G61,0),"") -> 3684880
B62: 7.01.03 | C62: CAJA DE INSPECCIÓN EN MAMPOSTERÍA 60x60x80 cm (a x L x h) medidas internas útiles. Incluye base en concreto f'c=2000 PSI y malla electrosoldada, cañuela, ladrillo tolete recocido común, tapa en concreto f'c=3000 PSI con marco y contramarco metálico, pañetado liso impermeabilizado 1:4 interno completo. No incluye excavaciones ni rellenos. | D62: u | E62: 1 | F62: 634522 | G62: 579128.23 | H62: =IFERROR(ROUND($E62*$G62,0),"") -> 579128
B63: 7.01.04 | C63: CAJAS CON REJILLA PERIMETRAL DE 0.40m*0.60 m, tipo sumidero (ver ubicación en planos) Incluye suministro, herramienta, mano de obra y demás materiales necesarios para su correcta instalación. | D63: u | E63: 5 | F63: 558994 | G63: 510193.82 | H63: =IFERROR(ROUND($E63*$G63,0),"") -> 2550969
B64: 7.01.05 | C64: CUNETA EN CONCRETO PREFABRICADAS TIPO A120 80x30x22 (ver ubicación en planos) Incluye suministro, herramienta, mano de obra y demás materiales necesarios para su correcta instalación. | D64: m | E64: 30 | F64: 114040 | G64: 104084.31 | H64: =IFERROR(ROUND($E64*$G64,0),"") -> 3122529
B65: 7.02 | C65: REDES SANITARIAS | H65: =IFERROR(ROUND($E65*$G65,0),"") -> 0
B66: 7.02.02 | C66: SUMINISTRO E INSTALACIÓN DE TUBERÍA SANITARIA PVC-S ø 4" (conexión hacia la acometida y cajas + incluye accesorios y todo lo necesario para su instalación) | D66: m | E66: 57.5 | F66: 51131 | G66: 46667.26 | H66: =IFERROR(ROUND($E66*$G66,0),"") -> 2683367
B67: 7.02.04 | C67: SUMINISTRO E INSTALACIÓN DE TUBERÍA SANITARIA PVC-S ø 2" (Incluye accesorios y todo lo necesario para su instalación) | D67: m | E67: 10.6 | F67: 35559 | G67: 32454.7 | H67: =IFERROR(ROUND($E67*$G67,0),"") -> 344020
B68: 7.02.05 | C68: PUNTO SANITARIO PVCS ø 4" (Incluye 1,5 m de tubería desde la salida hasta la red +accesorios y todo lo necesario para su instalación) | D68: u | E68: 2 | F68: 85004 | G68: 77583.15 | H68: =IFERROR(ROUND($E68*$G68,0),"") -> 155166
B69: 7.02.07 | C69: PUNTO SANITARIO PVC-S ø 2" (Incluye 1.5 m tubería desde la salida hasta la red + accesorios y todo lo necesario para su instalación) | D69: u | E69: 4 | F69: 46403 | G69: 42352.02 | H69: =IFERROR(ROUND($E69*$G69,0),"") -> 169408
B70: 7.02.08 | C70: SUMINISTRO E INSTALACIÓN DE PUNTO SANITARIOS Y SIFONES DE PISO 4" (incluye rejillas metálicas de piso y todos los materiales necesarios para su correcta instalación) | D70: u | E70: 8 | F70: 134513 | G70: 122770.02 | H70: =IFERROR(ROUND($E70*$G70,0),"") -> 982160
B71: 7.02.10 | C71: SUMINISTRO E INSTALACIÓN DE PUNTO SANITARIOS Y SIFONES DE PISO 2" (incluye rejillas metálicas de piso y todos los materiales necesarios para su correcta instalación) | D71: u | E71: 1 | F71: 71393 | G71: 65160.39 | H71: =IFERROR(ROUND($E71*$G71,0),"") -> 65160
B72: 7.02.18 | C72: SUMINISTRO E INSTALACIÓN DE TUBERÍA SANITARIA pared estructural ø 6" o 160 mm (tipo NOVAFORT o equivalente de igual calidad o superior). Incluye accesorios y todo lo necesario para su instalación y buen funcionamiento. | D72: m | E72: 12 | F72: 60006 | G72: 54767.48 | H72: =IFERROR(ROUND($E72*$G72,0),"") -> 657210
B73: 7.02.19 | C73: SUMINISTRO E INSTALACIÓN DE TUBERÍA SANITARIA pared estructural ø 4" o 110 mm (tipo NOVAFORT o equivalente de igual calidad o superior). Incluye accesorios y todo lo necesario para su instalación y buen funcionamiento. | D73: m | E73: 59.8 | F73: 42775 | G73: 39040.74 | H73: =IFERROR(ROUND($E73*$G73,0),"") -> 2334636
B74: 7.03 | C74: REDES HIDRÁULICAS | H74: =IFERROR(ROUND($E74*$G74,0),"") -> 0
B75: 7.03.01 | C75: SUMINISTRO E INSTALACIÓN DE ACOMETIDA PVC-P 3/4" RDE 11 (400 psi). Comprende desde punto de salida del medidor hasta la conexión a la red principal. Incluye todos los accesorios (válvulas de corte, caja de medidor, medidor + tubería + accesorios) y materiales necesarios para su instalación. | D75: u | E75: 1 | F75: 916589 | G75: 836570.78 | H75: =IFERROR(ROUND($E75*$G75,0),"") -> 836571
B76: 7.03.08 | C76: SUMINISTRO E INSTALACIÓN DE TUBERÍA PVC-P 1" RDE 13.5 (Incluye todos los accesorios y materiales necesarios para su instalación) | D76: m | E76: 30.6 | F76: 18243 | G76: 16650.39 | H76: =IFERROR(ROUND($E76*$G76,0),"") -> 509502
B77: 7.03.09 | C77: SUMINISTRO E INSTALACIÓN DE TUBERÍA PVC-P 3/4" RDE 11 (Incluye todos los accesorios y materiales necesarios para su instalación) | D77: m | E77: 64.5 | F77: 14705 | G77: 13421.25 | H77: =IFERROR(ROUND($E77*$G77,0),"") -> 865671
B78: 7.03.10 | C78: SUMINISTRO E INSTALACIÓN DE TUBERÍA PVC-P 1/2" RDE 9 (Incluye todos los accesorios y materiales necesarios para su instalación) | D78: m | E78: 32.9 | F78: 12889 | G78: 11763.79 | H78: =IFERROR(ROUND($E78*$G78,0),"") -> 387029
B79: 7.03.12 | C79: PUNTO DE AGUA FRÍA 1" (instalado subterráneo y/o a nivel y/o en alturas hasta 10,00 m. Incluye cámara de aire, 1,5 m de tubería, accesorios, complementarios, regatas y resanes). | D79: u | E79: 4 | F79: 59355 | G79: 54173.31 | H79: =IFERROR(ROUND($E79*$G79,0),"") -> 216693
B80: 7.03.13 | C80: PUNTO DE AGUA FRÍA 3/4" (instalado subterráneo y/o a nivel y/o en alturas hasta 10,00 m. Incluye cámara de aire, 1,5 m de tubería, accesorios, complementarios, regatas y resanes). | D80: u | E80: 1 | F80: 47069 | G80: 42959.88 | H80: =IFERROR(ROUND($E80*$G80,0),"") -> 42960
B81: 7.03.14 | C81: PUNTO DE AGUA FRÍA 1/2" (instalado subterráneo y/o a nivel y/o en alturas hasta 10,00 m. Incluye cámara de aire, 1,5 m de tubería, accesorios, complementarios, regatas y resanes). | D81: u | E81: 10 | F81: 42513 | G81: 38801.62 | H81: =IFERROR(ROUND($E81*$G81,0),"") -> 388016
B82: 7.03.20 | C82: SUMINISTRO E INSTALACIÓN DE VÁLVULA ó REGISTRO R/W DE 1" (Incluye todos los accesorios y materiales necesarios para su instalación) | D82: u | E82: 4 | F82: 203588 | G82: 185814.77 | H82: =IFERROR(ROUND($E82*$G82,0),"") -> 743259
B83: 7.03.21 | C83: SUMINISTRO E INSTALACIÓN DE VÁLVULA ó REGISTRO R/W DE 3/4" (Incluye todos los accesorios y materiales necesarios para su instalación) | D83: u | E83: 3 | F83: 147468 | G83: 134594.04 | H83: =IFERROR(ROUND($E83*$G83,0),"") -> 403782
B84: 7.03.22 | C84: SUMINISTRO E INSTALACIÓN DE VÁLVULA ó REGISTRO R/W DE 1/2" (Incluye todos los accesorios y materiales necesarios para su instalación) | D84: u | E84: 5 | F84: 121391 | G84: 110793.57 | H84: =IFERROR(ROUND($E84*$G84,0),"") -> 553968
B85: 7.03.37 | C85: SUMINISTRO E INSTALACIÓN DE LLAVE TERMINAL 1/2" TIPO PESADO PARA MANGUERA. | D85: u | E85: 6 | F85: 58383 | G85: 53286.16 | H85: =IFERROR(ROUND($E85*$G85,0),"") -> 319717
B86: 7.04 | C86: REDES VENTILACIÓN Y AGUAS LLUVIAS | H86: =IFERROR(ROUND($E86*$G86,0),"") -> 0
B87: 7.04.03 | C87: SUMINISTRO E INSTALACIÓN DE TUBERÍA DE VENTILACIÓN PVC L ø 2" (incluye accesorios y todo lo necesario para su instalación) | D87: m | E87: 8.4 | F87: 33018 | G87: 30135.53 | H87: =IFERROR(ROUND($E87*$G87,0),"") -> 253138
B88: 7.04.04 | C88: SUMINISTRO E INSTALACIÓN DE BAJANTE CUADRADA (SECCIÓN 62 x 64 mm) PARA CANAL AMAZONAS O SIMILAR (Incluye todos los accesorios y materiales necesarios para su instalación) | D88: m | E88: 13.6 | F88: 50787 | G88: 46353.29 | H88: =IFERROR(ROUND($E88*$G88,0),"") -> 630405
B89: 7.04.05 | C89: PUNTO SANITARIO BAJANTE AGUAS LLUVIAS (Incluye tragante metálica 5x4, accesorios de conexión con la bajante y rebose lateral de la canal con accesorios según planos de diseño) | D89: u | E89: 8 | F89: 202611 | G89: 184923.06 | H89: =IFERROR(ROUND($E89*$G89,0),"") -> 1479384
B90: 7.05 | C90: TANQUES Y EQUIPOS | G90: 0 | H90: =IFERROR(ROUND($E90*$G90,0),"") -> 0
B91: 7.05.01 | C91: SUMINISTRO E INSTALACIÓN DE TANQUE PLÁSTICO DE ALMACENAMIENTO (volumen de 5000 lt + incluye transporte, anclajes, mano de obra, flotador, válvulas, herramienta y demás materiales necesarios para su correcta instalación y funcionamiento, incluye pruebas de estanqueidad) | D91: u | E91: 1 | F91: 4869004 | G91: 4443940 | H91: =IFERROR(ROUND($E91*$G91,0),"") -> 4443940
B92: 7.05.02 | C92: SUMINISTRO E INSTALACIÓN DE TANQUE PLÁSTICO DE ALMACENAMIENTO BAJO (volumen de 2000 lt + incluye transporte, anclajes, mano de obra, flotador, válvulas, herramienta y demás materiales necesarios para su correcta instalación y funcionamiento, incluye pruebas de estanqueidad) | D92: u | E92: 2 | F92: 2083366 | G92: 1901488.1 | H92: =IFERROR(ROUND($E92*$G92,0),"") -> 3802976
B93: Total | H93: =SUBTOTAL(109,'FORMULARIO 1'!$H$59:$H$92) -> 34307194
B94: 8 | C94: INSTALACIONES ELÉCTRICAS E ILUMINACIÓN | D94: UND. | E94: CANTIDAD | F94: VALOR UNITARIO OFICIAL | G94: VALOR UNITARIO OFERTADO | H94: VALOR TOTAL
B95: 8.01 | C95: EQUIPO DE MEDIDA
B96: 8.01.02 | C96: Suministro e instalación de caja para medidor trifásico 3F+1N de acuerdo con especificación técnica del operador de red, incluye medidor con protocolos vigentes 10-100A | D96: u | E96: 1 | F96: 495129 | G96: 451904.24 | H96: =IFERROR(ROUND($E96*$G96,0),"") -> 451904
B97: 8.02 | C97: REDES EXTERIORES EN BAJA TENSIÓN | F97: 0 | H97: =IFERROR(ROUND($E97*$G97,0),"") -> 0
B98: 8.02.01 | C98: Suministro e instalación de tubo TDP 2" PVC tipo pesado, incluye terminal tipo campana para conexión, accesorios y demás elementos para su correcta instalación | D98: m | E98: 80 | F98: 38205 | G98: 34869.7 | H98: =IFERROR(ROUND($E98*$G98,0),"") -> 2789576
B99: 8.02.02 | C99: Suministro de materiales y mano de obra para canalización en baja tensión, incluye excavación y retiro de material sobrante, arena de peña, banda plástica de señalización, compactación de material. Norma técnica Operador de Red | D99: m | E99: 40 | F99: 46078 | G99: 42055.39 | H99: =IFERROR(ROUND($E99*$G99,0),"") -> 1682216
B100: 8.02.03 | C100: Suministro e instalación de cámara de inspección BT CS274 o equivalente según norma. incluye excavación, concreto, mortero, recebo compactado, ladrillo tolete recocido, grava, drenaje, herraje, marco, tapa, terminales tipo campana, pañete y demás accesorios necesarios para su adecuada instalación. | D100: u | E100: 4 | F100: 1087143 | G100: 992235.42 | H100: =IFERROR(ROUND($E100*$G100,0),"") -> 3968942
B101: 8.03 | C101: TABLEROS DE DISTRIBUCIÓN Y PROTECCIONES | F101: 0 | H101: =IFERROR(ROUND($E101*$G101,0),"") -> 0
B102: 8.03.01 | C102: Suministro e instalación de tablero en lámina cold rolled calibre 16, y acabado final en pintura electrostática RALL 7032 tipo poliéster, dimensiones aproximadas 100x80x30 cm, cierre bombín, puerta de una hoja, puerta frente muerta, tipo de protección: IP 55 incluye: módulo #1 de totalizadores: un (1) interruptores de 2x80a de 25/15 KA SCHNEIDER, ABB. LEGRAND, un (1) barraje tipo bloque: neutro de 1/8x3/4, tierra de 1/8x3/4; montados sobre aisladores de resina, dos (2) interruptor de 2x40A de 25KA SCHNEIDER, ABB. LEGRAND, dos (2) interruptor de 2x30A de 25KA SCHNEIDER, ABB. LEGRAND, dos (2) interruptor de 1x30a de 20 KA SCHNEIDER, ABB. LEGRAND, un (1) DPS de 2 fases 220/120V. interruptores de normal: seis (6) interruptor de 1x20A de 10 KA riel din SCHNEIDER, ABB, LEGRAND módulo de regulada, un (1) conmutador de 3x60a merz o similar, un (1) barraje tipo peine, dos (2) interruptor de 1x20A de 20 KA SCHNEIDER, ABB, LEGRAND todos estos elementos debidamente montados dentro del tablero según especificaciones y diagrama unifilar | D102: u | E102: 1 | F102: 7928516 | G102: 7236356.5 | H102: =IFERROR(ROUND($E102*$G102,0),"") -> 7236357
B103: 8.03.02 | C103: Materiales y mano para la instalación de tablero de distribución bifásico enchufable para 18 Circuitos con espacio para totalizador, incluye barraje de neutro, barraje de tierra, puerta y chapa, totalizado bifásico tipo DRX de 40A 2F 65 KA 208V; doce (12) interruptores 1x20A; (incluye elementos consumibles para su correcta instalación, empotrado). | D103: u | E103: 1 | F103: 1316006 | G103: 1201118.7 | H103: =IFERROR(ROUND($E103*$G103,0),"") -> 1201119
...
